MWL (24 & UNDER)
BARRY'S BAY ORIOLES @ ERIE JAXX
09/16/2028
 
TOP OF THE 1ST
Barry's Bay Orioles batting - Pitching for Erie Jaxx : LHP Jason Dean
Pitching: LHP Jason Dean
Batting: LHB Ryan Rheaume 0-0: Called Strike
0-1: Called Strike
0-2: Ball
1-2: Ball
2-2: Strikes out swinging
Batting: LHB Lúcio Gómez 0-0: Ground out 1-3 (Groundball, 13S)
Batting: SHB Garrett Waller 0-0: Called Strike
0-1: SINGLE (Groundball, 56D)
Batting: RHB Jim Martin 0-0: Ball
1-0: Called Strike
1-1: Ball
2-1: Fielders Choice at 2nd, 4-6 (Groundball, 4)
Top of the 1st over - 0 run(s), 1 hit(s), 0 error(s), 0 left on base; Barry's Bay 0 - Erie 0
BOTTOM OF THE 1ST
Erie Jaxx batting - Pitching for Barry's Bay Orioles : LHP Roberto Galaz
Pitching: LHP Roberto Galaz
Batting: RHB Nick Simmons 0-0: Called Strike
0-1: Swinging Strike
0-2: Ball
1-2: Strikes out looking
Batting: SHB José Durango 0-0: Called Strike
0-1: Called Strike
0-2: Strikes out looking
Batting: RHB Ed Keesee 0-0: Foul Ball, location: 2F
0-1: Foul Ball, location: 2F
0-2: Ball
1-2: Strikes out looking
Bottom of the 1st over - 0 run(s), 0 hit(s), 0 error(s), 0 left on base; Barry's Bay 0 - Erie 0
TOP OF THE 2ND
Barry's Bay Orioles batting - Pitching for Erie Jaxx : LHP Jason Dean
Batting: SHB Terry Christian 0-0: Foul Ball, location: 2F
0-1: Called Strike
0-2: Strikes out swinging
Batting: LHB Joe Vásquez 0-0: Ball
1-0: Called Strike
1-1: Fly out, F9 (Flyball, 9D)
Batting: RHB Octávio Aldeguer 0-0: Called Strike
0-1: Foul Ball, location: 2F
0-2: Ball
1-2: Ball
2-2: Strikes out looking
Top of the 2nd over - 0 run(s), 0 hit(s), 0 error(s), 0 left on base; Barry's Bay 0 - Erie 0
BOTTOM OF THE 2ND
Erie Jaxx batting - Pitching for Barry's Bay Orioles : LHP Roberto Galaz
Batting: SHB Michael Field 0-0: Fly out, F8 (Flyball, 8LS)
Batting: RHB Edgardo Castro 0-0: Foul Ball, location: 2F
0-1: Ball
1-1: Called Strike
1-2: Strikes out swinging
Batting: RHB George Medine 0-0: Ball
1-0: Ball
2-0: Foul Ball, location: 2F
2-1: Foul Ball, location: 2F
2-2: Strikes out swinging
Bottom of the 2nd over - 0 run(s), 0 hit(s), 0 error(s), 0 left on base; Barry's Bay 0 - Erie 0
TOP OF THE 3RD
Barry's Bay Orioles batting - Pitching for Erie Jaxx : LHP Jason Dean
Batting: RHB River Cunningham 0-0: Called Strike
0-1: Foul Ball, location: 2F
0-2: Ground out 6-3 (Groundball, 6)
Batting: RHB Bart Wade 0-0: Foul Ball, location: 2F
0-1: Ball
1-1: Ball
2-1: Ball
3-1: Foul Ball, location: 2F
3-2: Ground out 5-3 (Groundball, 5S)
Batting: LHB Ryan Rheaume 0-0: Foul Ball, location: 2F
0-1: Ball
1-1: SINGLE (Groundball, 4MD)
Batting: LHB Lúcio Gómez 0-0: Ball
1-0: Called Strike
1-1: Foul Ball, location: 2F
1-2: Strikes out swinging
Top of the 3rd over - 0 run(s), 1 hit(s), 0 error(s), 1 left on base; Barry's Bay 0 - Erie 0
BOTTOM OF THE 3RD
Erie Jaxx batting - Pitching for Barry's Bay Orioles : LHP Roberto Galaz
Batting: LHB Bill Handy 0-0: Ball
1-0: Ground out 6-3 (Groundball, 6)
Batting: RHB James Richardson 0-0: Ball
1-0: Foul Ball, location: 2F
1-1: Foul Ball, location: 2F
1-2: Ball
2-2: Foul Ball, location: 2F
2-2: Foul Ball, location: 2F
2-2: Foul Ball, location: 2F
2-2: Strikes out swinging
Batting: RHB Miguel Sánchez 0-0: Ball
1-0: Ground out 6-3 (Groundball, 6)
Bottom of the 3rd over - 0 run(s), 0 hit(s), 0 error(s), 0 left on base; Barry's Bay 0 - Erie 0
TOP OF THE 4TH
Barry's Bay Orioles batting - Pitching for Erie Jaxx : LHP Jason Dean
Batting: SHB Garrett Waller 0-0: Called Strike
0-1: Ball
1-1: Ball
2-1: Ball
3-1: Called Strike
3-2: Foul Ball, location: 2F
3-2: Ground out 6-3 (Groundball, 6)
Batting: RHB Jim Martin 0-0: Called Strike
0-1: Ground out 4-3 (Groundball, 4)
Batting: SHB Terry Christian 0-0: Ball
1-0: Foul Ball, location: 2F
1-1: Called Strike
1-2: Strikes out swinging
Top of the 4th over - 0 run(s), 0 hit(s), 0 error(s), 0 left on base; Barry's Bay 0 - Erie 0
BOTTOM OF THE 4TH
Erie Jaxx batting - Pitching for Barry's Bay Orioles : LHP Roberto Galaz
Batting: RHB Nick Simmons 0-0: Foul Ball, location: 2F
0-1: Ball
1-1: Ball
2-1: Swinging Strike
2-2: Ball
3-2: Foul Ball, location: 2F
3-2: Foul Ball, location: 2F
3-2: Strikes out swinging
Batting: SHB José Durango 0-0: Foul Ball, location: 2F
0-1: Swinging Strike
0-2: Fly out, F9 (Flyball, 9LSF)
Batting: RHB Ed Keesee 0-0: Ball
1-0: Ball
2-0: Called Strike
2-1: Ball
3-1: Foul Ball, location: 2F
3-2: DOUBLE (Line Drive, 9LS)
Batting: SHB Michael Field 0-0: Called Strike
0-1: Foul Ball, location: 2F
0-2: Ball
1-2: Ball
2-2: Ball
3-2: Foul Ball, location: 2F
3-2: Foul Ball, location: 2F
3-2: Foul Ball, location: 2F
3-2: Strikes out swinging
Bottom of the 4th over - 0 run(s), 1 hit(s), 0 error(s), 1 left on base; Barry's Bay 0 - Erie 0
TOP OF THE 5TH
Barry's Bay Orioles batting - Pitching for Erie Jaxx : LHP Jason Dean
Batting: LHB Joe Vásquez 0-0: Ball
1-0: Ball
2-0: Ball
3-0: Base on Balls
Batting: RHB Octávio Aldeguer 0-0: Ball
1-0: Ball
2-0: Ground out 3-1 (Groundball, 34S)
Joe Vásquez to second
Batting: RHB River Cunningham 0-0: Called Strike
0-1: Fly out, F2 (Popup, 23)
Batting: RHB Bart Wade 0-0: Called Strike
0-1: Ball
1-1: Foul Ball, location: 2F
1-2: Fly out, F8 (Flyball, 8RM)
Top of the 5th over - 0 run(s), 0 hit(s), 0 error(s), 1 left on base; Barry's Bay 0 - Erie 0
BOTTOM OF THE 5TH
Erie Jaxx batting - Pitching for Barry's Bay Orioles : LHP Roberto Galaz
Batting: RHB Edgardo Castro 0-0: Ball
1-0: Ball
2-0: Called Strike
2-1: Ball
3-1: Base on Balls
Batting: RHB George Medine 0-0: Grounds into double play, 5-4-3 (Groundball, 56)
Batting: LHB Bill Handy 0-0: Ball
1-0: Hit by Pitch
Batting: RHB James Richardson 0-0: Ball
1-0: Ball
2-0: Called Strike
2-1: Ball
3-1: Fielders Choice at 2nd, 4-6 (Groundball, 4)
Bottom of the 5th over - 0 run(s), 0 hit(s), 0 error(s), 0 left on base; Barry's Bay 0 - Erie 0
TOP OF THE 6TH
Barry's Bay Orioles batting - Pitching for Erie Jaxx : LHP Jason Dean
Batting: LHB Ryan Rheaume 0-0: Called Strike
0-1: Ball
1-1: Fly out, F8 (Flyball, 8RM)
Batting: LHB Lúcio Gómez 0-0: Ball
1-0: Called Strike
1-1: Ground out 4-3 (Groundball, 4D)
Batting: SHB Garrett Waller 0-0: Swinging Strike
0-1: Ball
1-1: Swinging Strike
1-2: Strikes out swinging, 2-3 out at first.
Top of the 6th over - 0 run(s), 0 hit(s), 0 error(s), 0 left on base; Barry's Bay 0 - Erie 0
BOTTOM OF THE 6TH
Erie Jaxx batting - Pitching for Barry's Bay Orioles : LHP Roberto Galaz
Batting: RHB Miguel Sánchez 0-0: Swinging Strike
0-1: Ball
1-1: Foul Ball, location: 2F
1-2: Strikes out swinging wild pitch, reaches first!
Pinch Runner at 1st Joe Kent:
Batting: RHB Nick Simmons 0-0: Called Strike
0-1: Swinging Strike
0-2: Foul Ball, location: 2F
0-2: Ball
1-2: SINGLE (Groundball, 6MD)
Joe Kent to second
Batting: SHB José Durango 0-0: Ball
1-0: Called Strike
1-1: Swinging Strike
1-2: Ball
2-2: Foul Ball, location: 2F
2-2: Foul Ball, location: 2F
2-2: Foul Ball, location: 2F
2-2: Foul Ball, location: 2F
2-2: Strikes out looking
Pitching: RHP Billy Jacobs
Batting: RHB Ed Keesee 0-0: Ball
1-0: Called Strike
1-1: Ball
2-1: Foul Ball, location: 2F
2-2: Strikes out swinging
Batting: SHB Michael Field 0-0: Called Strike
0-1: Ball
1-1: Swinging Strike
1-2: Ball
2-2: Ball
3-2: Foul Ball, location: 2F
3-2: Base on Balls
Joe Kent to third
Nick Simmons to second
Batting: RHB Edgardo Castro 0-0: Ball
1-0: Ball
2-0: Swinging Strike
2-1: Swinging Strike
2-2: Ball
3-2: Foul Ball, location: 2F
3-2: Base on Balls
Joe Kent scores
Nick Simmons to third
Michael Field to second
Batting: RHB George Medine 0-0: Called Strike
0-1: Ball
1-1: SINGLE (Flyball, 8RS)
Nick Simmons scores
Michael Field to third
Edgardo Castro to second
Runner from 3rd tries for Home, SAFE, throw made at trailing runner, SAFE at third!
Batting: LHB Bill Handy 0-0: Ball
1-0: Called Strike
1-1: Foul Ball, location: 2F
1-2: Strikes out swinging
Bottom of the 6th over - 3 run(s), 2 hit(s), 0 error(s), 2 left on base; Barry's Bay 0 - Erie 3
TOP OF THE 7TH
Barry's Bay Orioles batting - Pitching for Erie Jaxx : LHP Jason Dean
Now at SS: Shane Marshall
Batting: RHB Jim Martin 0-0: Ball
1-0: Ball
2-0: Ball
3-0: Called Strike
3-1: Base on Balls
Batting: SHB Terry Christian 0-0: Swinging Strike
0-1: Foul Ball, location: 2F
0-2: Ball
1-2: Ball
2-2: Ball
3-2: Strikes out swinging
Pitching: LHP Alfredo García
Batting: LHB Joe Vásquez 0-0: SINGLE (Groundball, 34D)
Jim Martin to second
Runner from 2nd tries for 3rd, SAFE, throw made to third
Batting: RHB Octávio Aldeguer 0-0: SINGLE (Groundball, 4M) (infield hit)
Jim Martin scores
Joe Vásquez to second
Batting: RHB River Cunningham 0-0: Ball
1-0: Ball
2-0: Swinging Strike
2-1: Foul Ball, location: 2F
2-2: Ball
3-2: Strikes out swinging
Batting: RHB Bart Wade 0-0: Called Strike
0-1: Ball
1-1: Swinging Strike
1-2: Ball
2-2: Foul Ball, location: 2F
2-2: Foul Ball, location: 2F
2-2: Ball
3-2: Foul Ball, location: 2F
3-2: Fly out, F9 (Flyball, 9LSF)
Top of the 7th over - 1 run(s), 2 hit(s), 0 error(s), 2 left on base; Barry's Bay 1 - Erie 3
BOTTOM OF THE 7TH
Erie Jaxx batting - Pitching for Barry's Bay Orioles : RHP Richard Manley
Pitching: RHP Richard Manley
Batting: RHB James Richardson 0-0: Ball
1-0: Ball
2-0: Foul Ball, location: 2F
2-1: Foul Ball, location: 2F
2-2: Fly out, F9 (Flyball, 9)
Batting: RHB Shane Marshall 0-0: Called Strike
0-1: Swinging Strike
0-2: Strikes out swinging
Batting: RHB Nick Simmons 0-0: Ball
1-0: Ground out 1-3 (Groundball, 13)
Bottom of the 7th over - 0 run(s), 0 hit(s), 0 error(s), 0 left on base; Barry's Bay 1 - Erie 3
TOP OF THE 8TH
Barry's Bay Orioles batting - Pitching for Erie Jaxx : LHP Alfredo García
Batting: LHB Ryan Rheaume 0-0: Ball
1-0: Ball
2-0: Foul Ball, location: 2F
2-1: Fly out, F7 (Flyball, 7LSF)
Batting: LHB Lúcio Gómez 0-0: Ball
1-0: Swinging Strike
1-1: Foul Ball, location: 2F
1-2: Strikes out swinging
Batting: SHB Garrett Waller 0-0: Ball
1-0: Called Strike
1-1: Called Strike
1-2: Ground out 5-3 (Groundball, 56)
Top of the 8th over - 0 run(s), 0 hit(s), 0 error(s), 0 left on base; Barry's Bay 1 - Erie 3
BOTTOM OF THE 8TH
Erie Jaxx batting - Pitching for Barry's Bay Orioles : RHP Richard Manley
Batting: SHB José Durango 0-0: Ball
1-0: Ball
2-0: Ball
3-0: Base on Balls
Batting: RHB Ed Keesee 0-0: Ball
1-0: Ball
2-0: Called Strike
2-1: Fly out, F7 (Flyball, 7LMF)
Batting: SHB Michael Field 0-0: Called Strike
0-1: Ball
1-1: DOUBLE (Line Drive, 9LM)
José Durango to third
Batting: RHB Edgardo Castro 0-0: Ball
1-0: Called Strike
1-1: Ball
2-1: Ball
3-1: Called Strike
3-2: Strikes out swinging
Pinch Hitting: RHB William Wilson 0-0: Ball
1-0: Called Strike
1-1: Ball
2-1: Foul Ball, location: 2F
2-2: Ball
3-2: Strikes out swinging
Bottom of the 8th over - 0 run(s), 1 hit(s), 0 error(s), 2 left on base; Barry's Bay 1 - Erie 3
TOP OF THE 9TH
Barry's Bay Orioles batting - Pitching for Erie Jaxx : LHP Alfredo García
Pitching: RHP Ernest Elliott
Now at 3B: José Hernández
Batting: RHB Jim Martin 0-0: SINGLE (Line Drive, 8LS)
Batting: SHB Terry Christian 0-0: Called Strike
0-1: SINGLE (Groundball, 34)
Jim Martin to second
Runner from 2nd tries for 3rd, SAFE, throw made to third
Batting: LHB Joe Vásquez 0-0: Ball
1-0: Called Strike
1-1: Swinging Strike
1-2: Fly out, F9 (Flyball, 9)
Runner from 3rd tags up, SCORES, throw made
Batting: RHB Octávio Aldeguer 0-0: Ball
1-0: Foul Ball, location: 2F
1-1: Foul Ball, location: 2F
1-2: Fly out, F8 (Flyball, 8RS)
Batting: RHB River Cunningham 0-0: Ball
1-0: Called Strike
1-1: Ball
2-1: Ball
3-1: Foul Ball, location: 2F
3-2: Ground out 6-3 (Groundball, 6)
Top of the 9th over - 1 run(s), 2 hit(s), 0 error(s), 1 left on base; Barry's Bay 2 - Erie 3
Tuesday, August 8th, 2017 - OOTP Baseball 17.12 Build 75